PAA
MYRTLE BEACH MERMEN @ PHOENIX HOTSPUR YOUTH
05/20/2022
 
TOP OF THE 1ST
Myrtle Beach Mermen batting - Pitching for Phoenix Hotspur Youth : RHP Howard Allen
Pitching: RHP Howard Allen
Batting: RHB Matt Love 0-0: Ball
1-0: Called Strike
1-1: Ball
2-1: Foul Ball, location: 2F
2-2: DOUBLE (Flyball, 8RD)
Batting: LHB Arturo Acevedo 0-0: Ground out 4-3 (Groundball, 4)
Matt Love to third
Batting: RHB Álex Rodríguez 0-0: Called Strike
0-1: Ball
1-1: Ball
2-1: Fly out, F9 (Flyball, 89S)
Runner from 3rd tags up, SCORES, throw made
Batting: RHB José Caballero 0-0: Ground out 4-3 (Groundball, 4M)
Top of the 1st over - 1 run(s), 1 hit(s), 0 error(s), 0 left on base; Myrtle Beach 1 - Phoenix Hotspur 0
BOTTOM OF THE 1ST
Phoenix Hotspur Youth batting - Pitching for Myrtle Beach Mermen : RHP José Martínez
Pitching: RHP José Martínez
Batting: LHB Arthur Ryan 0-0: Ball
1-0: Swinging Strike
1-1: Ball
2-1: Ball
3-1: Foul Ball, location: 2F
3-2: Base on Balls
Batting: RHB António Padilla 0-0: Ball
Arthur Ryan steals 2nd base
1-0: Foul Ball, location: 2F
1-1: Called Strike
1-2: Strikes out swinging
Batting: LHB Derek Blair 0-0: Ball
1-0: Foul Ball, location: 2F
1-1: Ball
2-1: Foul Ball, location: 2F
2-2: Ball
3-2: Foul Ball, location: 2F
3-2: Base on Balls
Batting: LHB Cristo Aponte 0-0: SINGLE (Line Drive, 89S)
Arthur Ryan to third
Derek Blair to second
Runner from 3rd tries for Home, SAFE, no throw or cutoff
Batting: SHB Pedro Gómez 0-0: Swinging Strike
0-1: Foul Ball, location: 2F
0-2: Reached on error, E4 (Groundball, 4)
Derek Blair to third
Cristo Aponte to second
Batting: RHB Al Thomas 0-0: Ball
1-0: Ball
2-0: Called Strike
2-1: Fly out, F2 (Popup, 23F)
Batting: RHB David Rivas 0-0: Swinging Strike
0-1: Fly out, F8 (Flyball, 8RM)
Bottom of the 1st over - 1 run(s), 1 hit(s), 1 error(s), 3 left on base; Myrtle Beach 1 - Phoenix Hotspur 1
TOP OF THE 2ND
Myrtle Beach Mermen batting - Pitching for Phoenix Hotspur Youth : RHP Howard Allen
Batting: LHB Joe Cashmore 0-0: Ball
1-0: Foul Ball, location: 2F
1-1: Ball
2-1: Called Strike
2-2: Strikes out swinging
Batting: LHB Steven Johnstone 0-0: Fly out, F7 (Flyball, 7LM)
Batting: SHB Val Brown 0-0: Ball
1-0: Ball
2-0: Swinging Strike
2-1: Called Strike
2-2: Strikes out looking
Top of the 2nd over - 0 run(s), 0 hit(s), 0 error(s), 0 left on base; Myrtle Beach 1 - Phoenix Hotspur 1
BOTTOM OF THE 2ND
Phoenix Hotspur Youth batting - Pitching for Myrtle Beach Mermen : RHP José Martínez
Batting: RHB Satoshi Terada 0-0: Foul Ball, location: 2F
0-1: Foul Ball, location: 2F
0-2: Foul Ball, location: 2F
0-2: Fly out, F8 (Flyball, 8RM)
Batting: RHB Jesús Álvarez 0-0: Foul Ball, location: 2F
0-1: Called Strike
0-2: Ball
1-2: Foul Ball, location: 2F
1-2: Fly out, F4 (Popup, 4D)
Batting: LHB Arthur Ryan 0-0: Ball
1-0: Called Strike
1-1: Ball
2-1: Fly out, F7 (Popup, 5D)
Bottom of the 2nd over - 0 run(s), 0 hit(s), 0 error(s), 0 left on base; Myrtle Beach 1 - Phoenix Hotspur 1
TOP OF THE 3RD
Myrtle Beach Mermen batting - Pitching for Phoenix Hotspur Youth : RHP Howard Allen
Batting: SHB Avery Little 0-0: Called Strike
0-1: Foul Ball, location: 2F
0-2: Strikes out swinging
Batting: RHB Jorge Reyes 0-0: Ball
1-0: Foul Ball, location: 2F
1-1: Fly out, F8 (Flyball, 8LD)
Batting: RHB Matt Love 0-0: Called Strike
0-1: SINGLE (Line Drive, 9S)
Batting: LHB Arturo Acevedo 0-0: Ball
1-0: Foul Ball, location: 2F
1-1: Ball
2-1: Foul Ball, location: 2F
2-2: Ball
3-2: Base on Balls
Matt Love to second
Batting: RHB Álex Rodríguez 0-0: Called Strike
0-1: Called Strike
0-2: Ball
1-2: Strikes out swinging
Top of the 3rd over - 0 run(s), 1 hit(s), 0 error(s), 2 left on base; Myrtle Beach 1 - Phoenix Hotspur 1
BOTTOM OF THE 3RD
Phoenix Hotspur Youth batting - Pitching for Myrtle Beach Mermen : RHP José Martínez
Batting: RHB António Padilla 0-0: Called Strike
0-1: Ball
1-1: Foul Ball, location: 2F
1-2: Ball
2-2: Ball
3-2: Base on Balls
Batting: LHB Derek Blair 0-0: Foul Ball, location: 2F
0-1: Ball
Wild Pitch!
António Padilla to second
1-1: Fly out, F8 (Flyball, 8LD)
Batting: LHB Cristo Aponte 0-0: Called Strike
0-1: Ground out U3 (Groundball, 3S)
António Padilla to third
Batting: SHB Pedro Gómez 0-0: Called Strike
0-1: Ball
1-1: Ball
2-1: Swinging Strike
2-2: 2-RUN HOME RUN (Flyball, 9LD), Distance : 355 ft
Batting: RHB Al Thomas 0-0: Called Strike
0-1: Called Strike
0-2: Foul Ball, location: 2F
0-2: Ball
1-2: SINGLE (Groundball, 4M)
Batting: RHB David Rivas 0-0: Foul Ball, location: 2F
0-1: Ball
1-1: Ball
2-1: Swinging Strike
2-2: Fly out, F9 (Flyball, 89M)
Bottom of the 3rd over - 2 run(s), 2 hit(s), 0 error(s), 1 left on base; Myrtle Beach 1 - Phoenix Hotspur 3
TOP OF THE 4TH
Myrtle Beach Mermen batting - Pitching for Phoenix Hotspur Youth : RHP Howard Allen
Batting: RHB José Caballero 0-0: Fly out, F8 (Flyball, 8RD)
Batting: LHB Joe Cashmore 0-0: Fly out, F5 (Popup, 5F)
Batting: LHB Steven Johnstone 0-0: SINGLE (Groundball, 34D)
Batting: SHB Val Brown 0-0: Swinging Strike
0-1: Swinging Strike
0-2: Fly out, F8 (Flyball, 8RM)
Top of the 4th over - 0 run(s), 1 hit(s), 0 error(s), 1 left on base; Myrtle Beach 1 - Phoenix Hotspur 3
BOTTOM OF THE 4TH
Phoenix Hotspur Youth batting - Pitching for Myrtle Beach Mermen : RHP José Martínez
Batting: RHB Satoshi Terada 0-0: Swinging Strike
0-1: Swinging Strike
0-2: Ground out 3-1 (Groundball, 34)
Batting: RHB Jesús Álvarez 0-0: Ball
1-0: Foul Ball, location: 2F
1-1: Swinging Strike
1-2: Strikes out swinging
Batting: LHB Arthur Ryan 0-0: Swinging Strike
0-1: SINGLE (Groundball, 5D)
Batting: RHB António Padilla 0-0: Ball
1-0: Ball
2-0: Ball
3-0: Called Strike
3-1: Foul Ball, location: 2F
3-2: Strikes out swinging
Bottom of the 4th over - 0 run(s), 1 hit(s), 0 error(s), 1 left on base; Myrtle Beach 1 - Phoenix Hotspur 3
TOP OF THE 5TH
Myrtle Beach Mermen batting - Pitching for Phoenix Hotspur Youth : RHP Howard Allen
Batting: SHB Avery Little 0-0: Called Strike
0-1: Ball
1-1: SINGLE (Line Drive, 4M)
Batting: RHB Jorge Reyes 0-0: Sac Bunt - play at first, batter OUT! 1-3
Avery Little to second
Batting: RHB Matt Love 0-0: Ball
1-0: Ball
2-0: Called Strike
2-1: Foul Ball, location: 2F
2-2: Fly out, F8 (Flyball, 8LM)
Batting: LHB Arturo Acevedo 0-0: Ball
1-0: Called Strike
1-1: Ball
2-1: Foul Ball, location: 2F
2-2: Fly out, F7 (Flyball, 7M)
Top of the 5th over - 0 run(s), 1 hit(s), 0 error(s), 1 left on base; Myrtle Beach 1 - Phoenix Hotspur 3
BOTTOM OF THE 5TH
Phoenix Hotspur Youth batting - Pitching for Myrtle Beach Mermen : RHP José Martínez
Batting: LHB Derek Blair 0-0: Ball
1-0: Called Strike
1-1: Ball
2-1: Ball
3-1: Foul Ball, location: 2F
3-2: Ground out 4-3 (Groundball, 34)
Batting: LHB Cristo Aponte 0-0: Foul Ball, location: 2F
0-1: Swinging Strike
0-2: Foul Ball, location: 2F
0-2: SINGLE (Line Drive, 8RS)
Batting: SHB Pedro Gómez 0-0: Reached on error, E2 (Groundball, 2L)
Cristo Aponte to third
Batting: RHB Al Thomas 0-0: Ball
1-0: Fly out, F3 (Popup, 3SF)
Batting: RHB David Rivas 0-0: Ball
1-0: Foul Ball, location: 2F
1-1: Ball
2-1: Foul Ball, location: 2F
2-2: Ball
3-2: SINGLE (Line Drive, 4MD)
Cristo Aponte scores
Pedro Gómez to third
Pedro Gómez scores
Batting: RHB Satoshi Terada 0-0: Ball
1-0: Ball
David Rivas steals 2nd base
2-0: Called Strike
2-1: Called Strike
2-2: Ball
3-2: Strikes out swinging
Bottom of the 5th over - 2 run(s), 2 hit(s), 1 error(s), 1 left on base; Myrtle Beach 1 - Phoenix Hotspur 5
TOP OF THE 6TH
Myrtle Beach Mermen batting - Pitching for Phoenix Hotspur Youth : RHP Howard Allen
Batting: RHB Álex Rodríguez 0-0: Swinging Strike
0-1: Ball
1-1: SINGLE (Line Drive, 8LS)
Batting: RHB José Caballero 0-0: SINGLE (Groundball, 13) (infield hit)
Álex Rodríguez to second
Batting: LHB Joe Cashmore 0-0: Ball
1-0: Swinging Strike
1-1: Foul Ball, location: 2F
1-2: Foul Ball, location: 2F
1-2: Fly out, F6 (Popup, 7LSF)
Batting: LHB Steven Johnstone 0-0: Ground out 4-3 (Groundball, 4M)
Álex Rodríguez to third
José Caballero to second
Batting: SHB Val Brown 0-0: Foul Ball, location: 2F
0-1: Ball
1-1: Fly out, F8 (Flyball, 8RM)
Top of the 6th over - 0 run(s), 2 hit(s), 0 error(s), 2 left on base; Myrtle Beach 1 - Phoenix Hotspur 5
BOTTOM OF THE 6TH
Phoenix Hotspur Youth batting - Pitching for Myrtle Beach Mermen : RHP José Martínez
Batting: RHB Jesús Álvarez 0-0: Ball
1-0: Swinging Strike
1-1: SINGLE (Line Drive, 56D)
Batting: LHB Arthur Ryan 0-0: Bunted foul
0-1: Bunted foul
0-2: Ball
1-2: Ball
2-2: Ball
3-2: Base on Balls
Jesús Álvarez to second
Pitching: LHP Jonathon Baker
Batting: RHB António Padilla 0-0: Called Strike
0-1: Foul Ball, location: 2F
0-2: Fly out, F9 (Flyball, 9M)
Batting: LHB Derek Blair 0-0: Fly out, F8 (Popup, 6MD)
Batting: LHB Cristo Aponte 0-0: Foul Ball, location: 2F
0-1: Swinging Strike
0-2: Ground out 1-3 (Groundball, 13S)
Bottom of the 6th over - 0 run(s), 1 hit(s), 0 error(s), 2 left on base; Myrtle Beach 1 - Phoenix Hotspur 5
TOP OF THE 7TH
Myrtle Beach Mermen batting - Pitching for Phoenix Hotspur Youth : RHP Howard Allen
Batting: SHB Avery Little 0-0: Swinging Strike
0-1: Ball
1-1: Foul Ball, location: 2F
1-2: Foul Ball, location: 2F
1-2: Strikes out swinging
Batting: RHB Jorge Reyes 0-0: DOUBLE (Flyball, 8RM)
Batting: RHB Matt Love 0-0: Swinging Strike
0-1: Fly out, F5 (Line Drive, 56)
Batting: LHB Arturo Acevedo 0-0: Swinging Strike
0-1: Foul Ball, location: 2F
0-2: Ball
1-2: Ball
2-2: Ball
3-2: Strikes out swinging
Top of the 7th over - 0 run(s), 1 hit(s), 0 error(s), 1 left on base; Myrtle Beach 1 - Phoenix Hotspur 5
BOTTOM OF THE 7TH
Phoenix Hotspur Youth batting - Pitching for Myrtle Beach Mermen : LHP Jonathon Baker
Batting: SHB Pedro Gómez 0-0: Ball
1-0: Foul Ball, location: 2F
1-1: Ball
2-1: Swinging Strike
2-2: Foul Ball, location: 2F
2-2: Strikes out swinging
Batting: RHB Al Thomas 0-0: Ball
1-0: Swinging Strike
1-1: Ball
2-1: Ball
3-1: Swinging Strike
3-2: Base on Balls
Batting: RHB David Rivas 0-0: Ball
1-0: Ball
2-0: Swinging Strike
2-1: Ball
3-1: Called Strike
3-2: Strikes out looking
Batting: RHB Satoshi Terada 0-0: Called Strike
0-1: Fielders Choice at 2nd, U4 (Groundball, 4M)
Bottom of the 7th over - 0 run(s), 0 hit(s), 0 error(s), 1 left on base; Myrtle Beach 1 - Phoenix Hotspur 5
TOP OF THE 8TH
Myrtle Beach Mermen batting - Pitching for Phoenix Hotspur Youth : RHP Howard Allen
Batting: RHB Álex Rodríguez 0-0: Foul Ball, location: 2F
0-1: SINGLE (Line Drive, 6MD)
Batting: RHB José Caballero 0-0: SINGLE (Groundball, 6MD)
Álex Rodríguez to second
Runner from 2nd tries for 3rd, SAFE, no throw or cutoff
Batting: LHB Joe Cashmore 0-0: Ball
1-0: Foul Ball, location: 2F
1-1: Called Strike
1-2: Ball
2-2: Ball
3-2: SINGLE (Line Drive, 8RS)
Álex Rodríguez scores
José Caballero to second
José Caballero to third
Batting: LHB Steven Johnstone 0-0: Called Strike
0-1: Foul Ball, location: 2F
0-2: Grounds into double play, 5-4-3 (Groundball, 5D)
José Caballero scores
Batting: SHB Val Brown 0-0: Ball
1-0: Foul Ball, location: 2F
1-1: Ground out 4-3 (Groundball, 4)
Top of the 8th over - 2 run(s), 3 hit(s), 0 error(s), 0 left on base; Myrtle Beach 3 - Phoenix Hotspur 5
BOTTOM OF THE 8TH
Phoenix Hotspur Youth batting - Pitching for Myrtle Beach Mermen : LHP Jonathon Baker
Batting: RHB Jesús Álvarez 0-0: Foul Ball, location: 2F
0-1: Swinging Strike
0-2: DOUBLE (Line Drive, 9LS)
Batting: LHB Arthur Ryan 0-0: Called Strike
0-1: Foul Ball, location: 2F
0-2: Ball
1-2: Foul Ball, location: 2F
1-2: Ball
2-2: Fly out, F7 (Flyball, 7LM)
Batting: RHB António Padilla 0-0: Intentional Walk
Batting: LHB Derek Blair 0-0: Called Strike
0-1: Ball
1-1: Foul Ball, location: 2F
1-2: Ball
2-2: Ball
3-2: SINGLE (Flyball, 8RS)
Jesús Álvarez to third
António Padilla to second
Runner from 3rd tries for Home, SAFE, no throw or cutoff
Batting: LHB Cristo Aponte 0-0: Ball
1-0: SINGLE (Flyball, 8LS)
António Padilla to third
Derek Blair to second
Runner from 3rd tries for Home, SAFE, no throw or cutoff
Pitching: LHP Russ Garman
Batting: SHB Pedro Gómez 0-0: Reached on error, E6 (Groundball, 6)
Derek Blair to third
Cristo Aponte to second
Batting: RHB Al Thomas 0-0: SINGLE (Groundball, 6MD)
Derek Blair scores
Cristo Aponte to third
Pedro Gómez to second
Runner from 3rd tries for Home, SAFE, throw made home
Pedro Gómez to third
Al Thomas to second
Batting: RHB David Rivas 0-0: SINGLE (Line Drive, 89S)
Pedro Gómez scores
Al Thomas to third
Batting: RHB Satoshi Terada 0-0: SINGLE (Line Drive, 89S)
Al Thomas scores
David Rivas to second
Batting: RHB Jesús Álvarez 0-0: Foul Ball, location: 2F
0-1: Ball
1-1: Foul Ball, location: 2F
1-2: Ball
2-2: Fielders Choice at 2nd, 1-4 (Groundball, 23)
David Rivas to third
Batting: LHB Arthur Ryan 0-0: Ball
1-0: Ball
2-0: Ball
3-0: Called Strike
3-1: Foul Ball, location: 2F
3-2: Foul Ball, location: 2F
3-2: Strikes out looking
Bottom of the 8th over - 6 run(s), 6 hit(s), 1 error(s), 2 left on base; Myrtle Beach 3 - Phoenix Hotspur 11
TOP OF THE 9TH
Myrtle Beach Mermen batting - Pitching for Phoenix Hotspur Youth : RHP Howard Allen
Now at SS: Dan Perkins
Batting: SHB Avery Little 0-0: Called Strike
0-1: Foul Ball, location: 2F
0-2: Ball
1-2: Strikes out swinging
Pinch Hitting: RHB Jim Unknown 0-0: Ball
1-0: Swinging Strike
1-1: Called Strike
1-2: Ball
2-2: Ground out 5-3 (Groundball, 5)
Batting: RHB Matt Love 0-0: Called Strike
0-1: Called Strike
0-2: Ball
1-2: Ball
2-2: Ground out 6-3 (Groundball, 56)
Top of the 9th over - 0 run(s), 0 hit(s), 0 error(s), 0 left on base; Myrtle Beach 3 - Phoenix Hotspur 11
This league is powered by Out of the Park Baseball, the baseball management simulation game for PC, Mac and Linux
Friday, April 15th, 2016 - OOTP Baseball 16.9 Build 39